AoeStats
← Remixi

Oasis

509546070Analyzed
4v4 RM · 3d ago on Sep 27, 2026· 57m 48s· 8 players
Game mode
Random Map
Map size
Large (8 player)
Population
200
Speed
Normal
Resources
Standard
Victory
Conquest
Starting age
Dark Age
Ending age
Imperial Age
RankedLock teamsTeams togetherTeam positionsShared explorationLock speedFull tech treeHidden civsTurbo modeCheats
Victory
Defeat
🇺🇸 Magyars · United States
1020
+18
🇺🇸 Teutons · United States
1013
+18
🇭🇰 Slavs · Hong Kong SAR China
1006
+18
🇦🇺 Cumans · Australia
985
+20
🇨🇱 Romans · Chile
1069
-19
🇨🇱 Tatars · Chile
1066
-19
🇨🇱 Khmer · Chile
1056
-18
🇨🇱 Italians · Chile
1044
-18
killinserotonin
9:48 Feudal Age
13:03 Double-Bit Axe
13:01 Horse Collar
20:39 Castle Age
21:29 Bow Saw
21:54 Loom
23:20 Wheelbarrow
23:04 Gold Mining
25:42 Stone Mining
28:38 Hand Cart
30:52 Fletching
31:08 Scale Barding Armor
31:03 Padded Archer Armor
33:50 Imperial Age
31:05 Town Watch
31:31 Bodkin Arrow
32:16 Ballistics
32:21 Bloodlines
32:12 Husbandry
31:36 Light Cavalry
35:08 Parthian Tactics
35:50 Chemistry
34:58 Thumb Ring
36:14 Two-Man Saw
34:43 Hussar
34:51 Heavy Cavalry Archer
36:48 Recurve Bow
37:09 Conscription
36:58 Bracer
38:16 Hussar
39:16 Leather Archer Armor
39:21 Chain Barding Armor
43:04 Plate Barding Armor
42:59 Ring Archer Armor
48:32 Cavalier
49:14 Scale Mail Armor
53:31 Paladin
54:24 Masonry
54:19 Siege Engineers
54:10 Murder Holes
53:55 Treadmill Crane
54:07 Heated Shot
54:03 Spies/Treason
56:32 Hoardings
55:57 Corvinian Army
55:18 Elite Magyar Huszar
56:18 Chain Mail Armor
root
8:59 Loom
10:45 Feudal Age
11:51 Double-Bit Axe
14:49 Scale Mail Armor
21:17 Castle Age
20:12 Gold Mining
20:05 Horse Collar
20:48 Forging
20:43 Scale Barding Armor
22:59 Bloodlines
23:07 Chain Mail Armor
23:13 Chain Barding Armor
28:44 Iron Casting
29:05 Wheelbarrow
31:13 Bow Saw
31:07 Heavy Plow
31:23 Hand Cart
32:10 Stone Mining
35:53 Stone Shaft Mining
36:48 Fervor
36:58 Sanctity
40:14 Imperial Age
37:35 Town Watch
37:43 Fletching
38:36 Ballistics
38:49 Town Patrol
38:46 Bodkin Arrow
39:02 Pikeman
39:42 Squires
39:27 Gambesons
42:43 Two-Man Saw
42:48 Chemistry
41:54 Siege Engineers
42:32 Crop Rotation
42:07 Cavalier
44:24 Plate Barding Armor
44:19 Plate Mail Armor
44:49 Blast Furnace
44:12 Caravan
44:22 Paladin
52:41 Spies/Treason
DisWhey
8:32 Loom
10:41 Feudal Age
11:50 Horse Collar
11:56 Double-Bit Axe
15:54 Bloodlines
18:58 Gold Mining
20:32 Fletching
20:42 Padded Archer Armor
21:51 Padded Archer Armor
23:14 Scale Barding Armor
23:20 Forging
28:25 Castle Age
30:06 Bow Saw
30:02 Heavy Plow
30:42 Chain Barding Armor
29:45 Light Cavalry
31:49 Capped Ram
37:35 Imperial Age
35:43 Wheelbarrow
36:41 Thumb Ring
36:35 Bodkin Arrow
37:16 Iron Casting
36:54 Town Watch
38:08 Caravan
38:47 Leather Archer Armor
39:08 Plate Barding Armor
39:50 Siege Ram
40:50 Hand Cart
40:37 Steppe Husbandry
41:14 Hoardings
41:07 Conscription
41:26 Hoardings
46:22 Ring Archer Armor
47:30 Blast Furnace
48:23 Hussar
49:48 Scale Mail Armor
51:29 Town Patrol
52:09 Crop Rotation
52:41 Two-Man Saw
53:28 Spies/Treason
56:54 Onager
自古多情空餘恨
3:37 Loom
14:12 Feudal Age
14:30 Feudal Age
16:12 Horse Collar
20:45 Castle Age
19:36 Stone Mining
19:45 Gold Mining
20:23 Double-Bit Axe
22:19 Bow Saw
26:51 Heavy Plow
31:52 Imperial Age
30:37 Forging
30:34 Scale Barding Armor
30:09 Pikeman
31:30 Scale Mail Armor
32:22 Gold Shaft Mining
32:57 Iron Casting
33:15 Conscription
33:45 Conscription
35:10 Two-Man Saw
33:59 Halberdier
34:40 Squires
35:04 Conscription
35:29 Conscription
35:28 Chain Mail Armor
36:14 Blast Furnace
36:27 Detinets
37:15 Plate Mail Armor
37:43 Chain Barding Armor
38:25 Wheelbarrow
38:22 Crop Rotation
38:34 Druzhina
40:55 Plate Barding Armor
41:09 Elite Boyar
44:33 Hand Cart
55:33 Fletching
55:43 Padded Archer Armor
Gekyume
0:33 Loom
11:07 Feudal Age
15:32 Castle Age
33:57 Double-Bit Axe
33:55 Horse Collar
38:46 Imperial Age
38:19 Bow Saw
39:09 Wheelbarrow
40:33 Fortified Wall
42:31 Ballistics
42:44 Double Crossbow
42:34 Heavy Scorpion
46:36 Arson
46:12 Pikeman
pipe
5:32 Loom
12:08 Feudal Age
13:40 Wheelbarrow
14:05 Horse Collar
14:12 Double-Bit Axe
15:56 Stone Mining
20:22 Castle Age
21:49 Bow Saw
21:42 Heavy Plow
22:21 Hand Cart
27:59 Forging
29:49 Iron Casting
29:56 Scale Barding Armor
32:49 Bloodlines
32:39 Husbandry
32:04 Light Cavalry
33:31 Silk Armor
33:31 Gold Mining
35:18 Gold Shaft Mining
39:02 Imperial Age
39:30 Chain Barding Armor
39:18 Hussar
40:25 Elite Keshik
42:10 Blast Furnace
46:03 Conscription
Remixi
0:28 Loom
11:03 Feudal Age
18:51 Double-Bit Axe
22:14 Wheelbarrow
25:36 Horse Collar
29:54 Castle Age
28:31 Gold Mining
28:33 Stone Mining
30:43 Heavy Plow
31:43 Stone Shaft Mining
31:27 Hand Cart
32:56 Bow Saw
35:35 Imperial Age
37:32 Thumb Ring
39:40 Fletching
42:59 Town Watch
Lerny
11:37 Feudal Age
12:59 Loom
16:23 Castle Age
14:51 Double-Bit Axe
18:37 Horse Collar
40:51 Heavy Plow
41:51 Wheelbarrow
45:12 Hand Cart
46:47 Gold Mining
47:36 Squires
46:57 Pikeman
47:44 Town Watch
48:39 Gold Shaft Mining
48:05 Fletching
48:16 Padded Archer Armor
47:40 Elite Skirmisher
51:48 Town Patrol
Connection lost

Rejoining the realm…

Still unreachable

The connection could not be restored.

Session expired

The server has moved on; the page needs a fresh start.